MLB
CHICAGO WHITE SOX @ NEW YORK YANKEES
04/25/2044
 
TOP OF THE 1ST
Chicago White Sox batting - Pitching for New York Yankees : RHP John Brice
Pitching: RHP John Brice
Batting: SHB Dan Lash 0-0: Foul Ball, location: 2F
0-1: Ball
1-1: Ball
2-1: Ball
3-1: Base on Balls
Batting: LHB Antonio Figueroa 0-0: Called Strike
0-1: Called Strike
0-2: Foul Ball, location: 2F
0-2: Ball
1-2: DOUBLE (Line Drive, 78M, EV 100.0 MPH)
Dan Lash to third
Batting: LHB Randy Rosenberry 0-0: Called Strike
0-1: Ball
1-1: Foul Ball, location: 2F
1-2: Ball
2-2: Strikes out swinging
Batting: RHB Joseph Disepolo 0-0: Ball
1-0: SINGLE (Groundball, 56D, EV 97.5 MPH)
Dan Lash scores
Antonio Figueroa to third
Runner from 3rd tries for Home, SAFE, throw by LF to home
Batting: LHB Jack Christie 0-0: Grounds into double play, 5-4-3 (Groundball, 5, EV 96.9 MPH)
Top of the 1st over - 2 runs, 2 hits, 0 errors, 0 left on base; Chicago 2 - New York 0
BOTTOM OF THE 1ST
New York Yankees batting - Pitching for Chicago White Sox : RHP Ricky Salas
Pitching: RHP Ricky Salas
Batting: LHB Jason Peck 0-0: Ball
1-0: Called Strike
1-1: Swinging Strike
1-2: Ball
2-2: Fly out, F9 (Flyball, 89M, EV 95.0 MPH)
Batting: RHB C.J. Richerson 0-0: Swinging Strike
0-1: Ball
1-1: Swinging Strike
1-2: Ball
2-2: Ball
3-2: Strikes out swinging
Batting: SHB Bartholomeu Chambino 0-0: Called Strike
0-1: Ball
1-1: Ball
2-1: Foul Ball, location: 2F
2-2: Ball
3-2: Foul Ball, location: 2F
3-2: Ground out U3 (Groundball, 34S, EV 86.3 MPH)
Bottom of the 1st over - 0 runs, 0 hits, 0 errors, 0 left on base; Chicago 2 - New York 0
TOP OF THE 2ND
Chicago White Sox batting - Pitching for New York Yankees : RHP John Brice
Batting: SHB Cesar Herrera 0-0: Ball
1-0: Called Strike
1-1: Called Strike
1-2: Ball
2-2: Fly out, F9 (Line Drive, 9D, EV 90.6 MPH)
Batting: LHB Brian Feher 0-0: Swinging Strike
0-1: Ball
1-1: Called Strike
1-2: Strikes out looking
Batting: RHB Leo Navarro 0-0: Ball
1-0: Called Strike
1-1: Ball
2-1: Ground out 6-3 (Groundball, 6, EV 78.8 MPH)
Top of the 2nd over - 0 runs, 0 hits, 0 errors, 0 left on base; Chicago 2 - New York 0
BOTTOM OF THE 2ND
New York Yankees batting - Pitching for Chicago White Sox : RHP Ricky Salas
Batting: LHB Evan Torraville 0-0: Ball
1-0: Ball
2-0: Ball
3-0: Base on Balls
Batting: LHB Jim Skare 0-0: Ball
1-0: Called Strike
1-1: Foul Ball, location: 2F
1-2: Ball
2-2: Strikes out looking
Batting: LHB Yao-pang Tien 0-0: Ball
Evan Torraville steals 2nd base
1-0: Ball
2-0: Called Strike
2-1: Ground out 6-3 (Groundball, 6, EV 91.9 MPH)
Evan Torraville to third
Batting: RHB Kai Bellow 0-0: Ball
1-0: Called Strike
1-1: SINGLE (Flyball, 8RS, EV 88.8 MPH)
Evan Torraville scores
Batting: RHB Geni Prawiranega 0-0: Ball
1-0: Called Strike
1-1: Ball
2-1: Called Strike
2-2: Strikes out swinging, 2-3 out at first.
Bottom of the 2nd over - 1 run, 1 hit, 0 errors, 1 left on base; Chicago 2 - New York 1
TOP OF THE 3RD
Chicago White Sox batting - Pitching for New York Yankees : RHP John Brice
Batting: LHB Juan Concepcion 0-0: Ball
1-0: Called Strike
1-1: Ball
2-1: Foul Ball, location: 2F
2-2: Fly out, F9 (Flyball, 9D, EV 103.8 MPH)
Batting: SHB Dan Lash 0-0: Called Strike
0-1: Called Strike
0-2: Ball
1-2: Strikes out swinging
Batting: LHB Antonio Figueroa 0-0: Swinging Strike
0-1: Ball
1-1: Called Strike
1-2: Strikes out swinging
Top of the 3rd over - 0 runs, 0 hits, 0 errors, 0 left on base; Chicago 2 - New York 1
BOTTOM OF THE 3RD
New York Yankees batting - Pitching for Chicago White Sox : RHP Ricky Salas
Batting: RHB Sam Saunders 0-0: Called Strike
0-1: Ball
1-1: Ball
2-1: Swinging Strike
2-2: Ground out 4-3 (Groundball, 4, EV 97.5 MPH)
Batting: LHB Jason Peck 0-0: Ball
1-0: Ball
2-0: Foul Ball, location: 2F
2-1: Called Strike
2-2: Ball
3-2: Strikes out swinging
Batting: RHB C.J. Richerson 0-0: Called Strike
0-1: Foul Ball, location: 2F
0-2: Ball
1-2: Foul Ball, location: 2F
1-2: Ball
2-2: Ground out 4-3 (Groundball, 34, EV 103.8 MPH)
Bottom of the 3rd over - 0 runs, 0 hits, 0 errors, 0 left on base; Chicago 2 - New York 1
TOP OF THE 4TH
Chicago White Sox batting - Pitching for New York Yankees : RHP John Brice
Batting: LHB Randy Rosenberry 0-0: Ball
1-0: SOLO HOME RUN (Flyball, 78XD, EV 100.0 MPH), Distance : 429 ft
Batting: RHB Joseph Disepolo 0-0: Ball
1-0: Ball
2-0: Called Strike
2-1: Ball
3-1: Base on Balls
Batting: LHB Jack Christie 0-0: Ball
1-0: Grounds into double play, U6-3 (Groundball, P, EV 88.8 MPH)
Batting: SHB Cesar Herrera 0-0: Swinging Strike
0-1: Ball
1-1: Foul Ball, location: 2F
1-2: Ball
2-2: Strikes out swinging
Top of the 4th over - 1 run, 1 hit, 0 errors, 0 left on base; Chicago 3 - New York 1
BOTTOM OF THE 4TH
New York Yankees batting - Pitching for Chicago White Sox : RHP Ricky Salas
Batting: SHB Bartholomeu Chambino 0-0: Called Strike
0-1: Swinging Strike
0-2: Ball
1-2: Ball
2-2: Fly out, F7 (Flyball, 7, EV 77.5 MPH)
Batting: LHB Evan Torraville 0-0: Ball
1-0: Ball
2-0: Called Strike
2-1: Swinging Strike
2-2: Strikes out swinging
Batting: LHB Jim Skare 0-0: Foul Ball, location: 2F
0-1: Called Strike
0-2: Ball
1-2: SOLO HOME RUN (Flyball, 9LD, EV 94.4 MPH), Distance : 329 ft
Batting: LHB Yao-pang Tien 0-0: SINGLE (Line Drive, 56D, EV 104.4 MPH)
Batting: RHB Kai Bellow 0-0: Ball
1-0: Fly out, F9 (Line Drive, 9, EV 106.3 MPH)
Bottom of the 4th over - 1 run, 2 hits, 0 errors, 1 left on base; Chicago 3 - New York 2
TOP OF THE 5TH
Chicago White Sox batting - Pitching for New York Yankees : RHP John Brice
Batting: LHB Brian Feher 0-0: Ball
1-0: Called Strike
1-1: Fly out, F7 (Flyball, 78D, EV 102.5 MPH)
Batting: RHB Leo Navarro 0-0: Ball
1-0: Swinging Strike
1-1: SINGLE (Flyball, 89S, EV 96.9 MPH)
Batting: LHB Juan Concepcion 0-0: Fly out, F7 (Flyball, 78S, EV 76.3 MPH)
Batting: SHB Dan Lash 0-0: Swinging Strike
0-1: Ball
1-1: Called Strike
1-2: Strikes out looking
Top of the 5th over - 0 runs, 1 hit, 0 errors, 1 left on base; Chicago 3 - New York 2
BOTTOM OF THE 5TH
New York Yankees batting - Pitching for Chicago White Sox : RHP Ricky Salas
Batting: RHB Geni Prawiranega 0-0: Ball
1-0: Ball
2-0: SINGLE (Groundball, 56D, EV 106.9 MPH)
Batting: RHB Sam Saunders 0-0: Called Strike
0-1: Called Strike
0-2: Strikes out swinging
Batting: LHB Jason Peck 0-0: Called Strike
0-1: Fly out, F8 (Flyball, 8RXD, EV 88.1 MPH)
Batting: RHB C.J. Richerson 0-0: Fly out, F4 (Popup, 4, EV 65.0 MPH)
Bottom of the 5th over - 0 runs, 1 hit, 0 errors, 1 left on base; Chicago 3 - New York 2
TOP OF THE 6TH
Chicago White Sox batting - Pitching for New York Yankees : RHP John Brice
Batting: LHB Antonio Figueroa 0-0: Ball
1-0: Ball
2-0: Called Strike
2-1: Ball
3-1: Foul Ball, location: 2F
3-2: Foul Ball, location: 2F
3-2: SOLO HOME RUN (Flyball, 7LD, EV 93.8 MPH), Distance : 344 ft
Batting: LHB Randy Rosenberry 0-0: SINGLE (Groundball, 34D, EV 107.5 MPH)
Batting: RHB Joseph Disepolo 0-0: Ball
Randy Rosenberry steals 2nd base
1-0: Ball
2-0: Foul Ball, location: 2F
2-1: SINGLE (Flyball, 8LS, EV 89.4 MPH)
Randy Rosenberry to third
Batting: LHB Jack Christie 0-0: Ball
1-0: Called Strike
1-1: Ball
2-1: Foul Ball, location: 2F
2-2: Grounds into double play, 4-6-3 (Groundball, 4, EV 86.9 MPH)
Randy Rosenberry scores
Batting: SHB Cesar Herrera 0-0: Fly out, F6 (Flyball, 56D, EV 91.3 MPH)
Top of the 6th over - 2 runs, 3 hits, 0 errors, 0 left on base; Chicago 5 - New York 2
BOTTOM OF THE 6TH
New York Yankees batting - Pitching for Chicago White Sox : RHP Ricky Salas
Batting: SHB Bartholomeu Chambino 0-0: Ball
1-0: SOLO HOME RUN (Flyball, 9D, EV 98.1 MPH), Distance : 359 ft
Batting: LHB Evan Torraville 0-0: Ball
1-0: Called Strike
1-1: Fly out, F4 (Popup, 4S, EV 80.6 MPH)
Batting: LHB Jim Skare 0-0: Called Strike
0-1: Called Strike
0-2: Foul Ball, location: 2F
0-2: Foul Ball, location: 2F
0-2: Ball
1-2: Foul Ball, location: 2F
1-2: SINGLE (Groundball, 13, EV 89.4 MPH) (infield hit)
Batting: LHB Yao-pang Tien 0-0: Ball
1-0: Ball
2-0: Ball
3-0: Base on Balls
Jim Skare to second
Batting: RHB Kai Bellow 0-0: Grounds into double play, 6-4-3 (Groundball, 6, EV 100.6 MPH)
Bottom of the 6th over - 1 run, 2 hits, 0 errors, 1 left on base; Chicago 5 - New York 3
TOP OF THE 7TH
Chicago White Sox batting - Pitching for New York Yankees : RHP John Brice
Pitching: LHP David Ibarra
Batting: LHB Brian Feher 0-0: Ball
1-0: Foul Ball, location: 2F
1-1: Ball
2-1: SINGLE (Groundball, 4D, EV 102.5 MPH)
Pitching: RHP Jose Tavira
Batting: RHB Leo Navarro 0-0: Ball
1-0: Called Strike
Brian Feher steals 2nd base
1-1: Foul Ball, location: 2F
1-2: Foul Ball, location: 2F
1-2: Foul Ball, location: 2F
1-2: Strikes out looking
Batting: LHB Juan Concepcion 0-0: Intentional Walk
Batting: SHB Dan Lash 0-0: Ball
1-0: Swinging Strike
1-1: Foul Ball, location: 2F
1-2: Ball
2-2: Ground out 6-3 (Groundball, P, EV 90.0 MPH)
Brian Feher to third
Juan Concepcion to second
Batting: LHB Antonio Figueroa 0-0: Ball
1-0: Called Strike
1-1: Called Strike
1-2: Foul Ball, location: 2F
1-2: Ball
2-2: Ball
3-2: Foul Ball, location: 2F
3-2: Strikes out swinging
Top of the 7th over - 0 runs, 1 hit, 0 errors, 2 left on base; Chicago 5 - New York 3
BOTTOM OF THE 7TH
New York Yankees batting - Pitching for Chicago White Sox : RHP Ricky Salas
Batting: RHB Geni Prawiranega 0-0: Foul Ball, location: 2F
0-1: Foul Ball, location: 2F
0-2: Foul Ball, location: 2F
0-2: Ball
1-2: Ball
2-2: Strikes out swinging
Batting: RHB Sam Saunders 0-0: Foul Ball, location: 2F
0-1: Ball
1-1: Ball
2-1: Ground out 4-3 (Groundball, 4, EV 95.6 MPH)
Batting: LHB Jason Peck 0-0: Called Strike
0-1: Ball
1-1: Foul Ball, location: 2F
1-2: Ball
2-2: Strikes out swinging
Bottom of the 7th over - 0 runs, 0 hits, 0 errors, 0 left on base; Chicago 5 - New York 3
TOP OF THE 8TH
Chicago White Sox batting - Pitching for New York Yankees : RHP Jose Tavira
Pitching: RHP Juan Hurtado
Batting: LHB Randy Rosenberry 0-0: Fly out, F9 (Flyball, 9S, EV 80.6 MPH)
Batting: RHB Joseph Disepolo 0-0: Foul Ball, location: 2F
0-1: Ball
1-1: SINGLE (Groundball, 4MD, EV 97.5 MPH)
Batting: LHB Jack Christie 0-0: Ball
1-0: Ball
2-0: Ball
3-0: Base on Balls
Joseph Disepolo to second
Batting: SHB Cesar Herrera 0-0: Fly out, F8 (Line Drive, 8RD, EV 86.3 MPH)
Batting: LHB Brian Feher 0-0: Ball
1-0: Swinging Strike
1-1: Fly out, F8 (Flyball, 8RS, EV 80.6 MPH)
Top of the 8th over - 0 runs, 1 hit, 0 errors, 2 left on base; Chicago 5 - New York 3
BOTTOM OF THE 8TH
New York Yankees batting - Pitching for Chicago White Sox : RHP Ricky Salas
Pitching: RHP Adam Ratcliff
Now at 1B: Dan Lash
Now at 2B: Rocky Campbell
Now in RF: Steve Castleberry
Batting: RHB C.J. Richerson 0-0: Called Strike
0-1: Ground out 5-3 (Groundball, 5, EV 87.5 MPH)
Batting: SHB Bartholomeu Chambino 0-0: Ball
1-0: Fly out, F9 (Line Drive, 9S, EV 100.6 MPH)
Batting: LHB Evan Torraville 0-0: Called Strike
0-1: Foul Ball, location: 2F
0-2: Strikes out swinging
Bottom of the 8th over - 0 runs, 0 hits, 0 errors, 0 left on base; Chicago 5 - New York 3
TOP OF THE 9TH
Chicago White Sox batting - Pitching for New York Yankees : RHP Juan Hurtado
Batting: RHB Leo Navarro 0-0: Called Strike
0-1: Foul Ball, location: 2F
0-2: Strikes out swinging
Batting: LHB Juan Concepcion 0-0: Called Strike
0-1: Foul Ball, location: 2F
0-2: SOLO HOME RUN (Flyball, 9D, EV 97.5 MPH), Distance : 366 ft
Batting: SHB Dan Lash 0-0: Ball
1-0: Foul Ball, location: 2F
1-1: Ground out 4-3 (Groundball, 4, EV 84.4 MPH)
Batting: LHB Antonio Figueroa 0-0: Ball
1-0: Called Strike
1-1: Foul Ball, location: 2F
1-2: Foul Ball, location: 2F
1-2: Ball
2-2: Foul Ball, location: 2F
2-2: Strikes out swinging, 2-3 out at first.
Top of the 9th over - 1 run, 1 hit, 0 errors, 0 left on base; Chicago 6 - New York 3
BOTTOM OF THE 9TH
New York Yankees batting - Pitching for Chicago White Sox : RHP Adam Ratcliff
Pitching: RHP Zach Ault
Batting: LHB Jim Skare 0-0: Ball
1-0: Foul Ball, location: 2F
1-1: Ground out 4-3 (Groundball, 4, EV 108.1 MPH)
Batting: LHB Yao-pang Tien 0-0: Called Strike
0-1: Ball
1-1: Ball
2-1: Called Strike
2-2: Strikes out swinging
Batting: RHB Kai Bellow 0-0: Called Strike
0-1: Foul Ball, location: 2F
0-2: Strikes out looking
Bottom of the 9th over - 0 runs, 0 hits, 0 errors, 0 left on base; Chicago 6 - New York 3
Thursday, March 31st , 2022 - OOTP Baseball 22.12 Build 89